 Dungeon Crawl Stone Soup version 0.14-a0-2746-g43b4f9c (webtiles) character file.

365 Badjas the Covert (level 6, -1/39 HPs)
             Began as a Halfling Assassin on Feb 22, 2014.
             Blown up by a kobold (15 damage)
             ... with a wand of disintegration
             ... on Level 3 of the Dungeon.
             The game lasted 00:35:36 (3451 turns).

Badjas the Covert (Halfling Assassin)               Turns: 3451, Time: 00:35:36

HP  -1/39        AC  3     Str  8      XL: 6   Next: 10%
MP   6/6         EV 14     Int 11      God:
Gold 159         SH  0     Dex 20      Spells:  0 memorised,  5 levels left

rFire  + . .     SeeInvis .     x - +1,+0 dagger (venom)
rCold  . . .     Clarity  .     E - +0 robe
rNeg   . . .     Conserve .     (no shield)
rPois  .         rCorr    .     (no helmet)
rElec  .         rRot     .     d - +0 cloak
SustAb . .       Spirit   .     (no gloves)
rMut   .         Warding  .     (no boots)
Saprov . . .     Stasis   .     (no amulet)
MR     .....                    (no ring)
                                h - ring of protection from fire {unknown}

@: not resistant to hostile enchantments, extremely stealthy
A: mutation resistance 1, slow metabolism 1
a: no special abilities


You were on level 3 of the Dungeon.
You were very hungry.

You visited 1 branch of the dungeon, and saw 3 of its levels.

You collected 159 gold pieces.

Inventory:

Hand weapons
 a - a +2,+2 dagger
 b - a +0 blowgun
 c - a +0,+0 sling
 x - a +1,+0 dagger of venom (weapon)
Missiles
 e - 15 poisoned needles
 f - 2 curare-tipped needles
 j - 124 stones
 v - 24 sling bullets
 A - 111 darts (quivered)
Armour
 d - a +0 cloak (worn)
 E - a +0 robe (worn)
Comestibles
 g - 3 bread rations
 z - a meat ration
Scrolls
 l - 2 scrolls of noise {unknown}
 n - 3 scrolls of identify {unknown}
 o - a scroll of curse armour {unknown}
 p - a scroll of teleportation {unknown}
 q - 2 scrolls of remove curse {unknown}
 s - a scroll of random uselessness {unknown}
 t - 3 scrolls of magic mapping {unknown}
 y - a scroll of immolation {unknown}
 D - a scroll of recharging {unknown}
 G - a scroll of curse weapon {unknown}
Jewellery
 h - a ring of protection from fire (left hand) {unknown}
Potions
 i - 2 potions of heal wounds {unknown}
 k - a potion of confusion {unknown}
 m - 2 potions of curing {unknown}
 u - a potion of resistance {unknown}
 w - a potion of speed {unknown}
 C - a potion of invisibility {unknown}
 F - a potion of might {unknown}
Books
 B - a book of Conjurations

   Spells                             Type                      Level
   Magic Dart                         Conjuration                  1
   Searing Ray                        Conjuration                  2
   Dazzling Spray                     Conjuration/Hexes            3
   Fulminant Prism                    Conjuration/Hexes            4
   Iskenderun's Mystic Blast          Conjuration                  4
   Iskenderun's Battlesphere          Conjuration/Charms           5


   Skills:
 - Level 1.7 Fighting
 - Level 2.6 Short Blades
 - Level 2.6 Throwing
 - Level 1.2 Dodging
 + Level 9.6 Stealth


You had 5 spell levels left.
You didn't know any spells.

Dungeon Overview and Level Annotations

Branches:
Dungeon (3/16)

Altars:
Okawaru


Innate Abilities, Weirdness & Mutations

You are small and have problems with some larger weapons.
You are somewhat resistant to further mutation.
You have a slow metabolism.


Message History

The gnoll shouts!
The kobold zaps a wand.
You are blasted!
The gnoll barely misses you.
You see here a club.
You hit the gnoll but do no damage.
The gnoll is poisoned.
The kobold zaps a wand.
You barely resist. The gnoll hits you with a spear.
The kobold zaps a wand.
You are blasted!
The gnoll hits you from afar with a spear!
The gnoll throws a dart.
The dart misses you.
You see here 3 darts.
The gnoll looks more healthy.
The gnoll throws a dart.
The dart misses you.
The kobold throws a dart.
The dart misses you.
The kobold throws a dart.
The dart misses you.
There is a large open door here.
There's something blocking the doorway.
The gnoll throws a dart.
The dart hits you!
You see here a dart.
You enter the shallow water.
Moving in this stuff is going to be slow.
The kobold zaps a wand.
You are blasted!
You die...

.#.# #.# #.# #......##.#
.#.###.########.#######......##.#
...................>.............
.#.###.......##.####.##########.#
.............##.# #.# #.#
##.###.......##.# #.## #####.#
...###.......##.####..#####......
.................................
................@................
≈≈≈≈≈≈≈≈≈≈≈≈≈≈≈≈≈....≈≈≈≈≈≈≈≈≈≈≈≈
≈≈≈≈≈≈≈≈≈≈≈≈≈≈≈≈≈....≈≈≈≈≈≈≈≈≈≈≈≈
≈≈≈≈≈≈5≈≈≈≈≈≈≈≈≈≈(...≈≈≈≈≈≈≈≈≈≈≈≈
≈≈≈≈≈≈≈≈≈≈≈≈≈≈≈≈≈g.(.≈≈≈≈≈≈≈≈≈≈≈≈
##################'K#############
........# #(...# ...)....+ #....#
....(...#########....##


You could see a gnoll and a kobold.

Vanquished Creatures
  A big kobold (D:3)
  Jessica (D:2)
  5 adders
  A worm (D:2)
  An orc zombie (D:3)
  A giant gecko (D:2)
  3 ball pythons
  6 bats
  3 giant cockroaches
  3 hobgoblins
  4 jackals (D:1)
  13 kobolds (D:3)
  2 quokkas
  3 giant newts (D:1)
  14 goblins
  7 rats
68 creatures vanquished.

Notes
Turn   | Place    | Note
--------------------------------------------------------------
     0 | D:1      | Badjas, the Halfling Assassin, began the quest for the Orb.
     0 | D:1      | Reached XP level 1. HP: 14/14 MP: 1/1
   151 | D:1      | Reached XP level 2. HP: 19/19 MP: 2/2
   187 | D:1      | Reached skill level 6 in Stealth
   526 | D:1      | Reached XP level 3. HP: 24/24 MP: 3/3
  1088 | D:2      | Reached skill level 7 in Stealth
  1216 | D:2      | Noticed Jessica
  1262 | D:2      | Killed Jessica
  1262 | D:2      | Reached XP level 4. HP: 29/29 MP: 4/4
  1587 | D:2      | Reached skill level 8 in Stealth
  1741 | D:2      | Found an iron altar of Okawaru.
  1764 | D:2      | Upgraded the game from 0.14-a0-2737-gb10a4c8 to 0.14-a0-2746-g43b4f9c
  1796 | D:2      | Reached XP level 5. HP: 34/34 MP: 5/5
  3389 | D:3      | Reached skill level 9 in Stealth
  3389 | D:3      | Reached XP level 6. HP: 29/39 MP: 6/6
  3451 | D:3      | Blown up by a kobold

Action                   |  1- 3 |  4- 6 || total
-------------------------+-------+-------++-------
Melee: Dagger            |    98 |   208 ||   306
 Fire: Sling             |       |    30 ||    30
       Blowgun           |       |     2 ||     2
Throw: Dart              |       |     9 ||     9
       Tomahawk          |       |     3 ||     3
 Stab: Sleeping          |     5 |    13 ||    18
       Distracted        |       |     1 ||     1
